 Dungeon Crawl Stone Soup version 0.27.0-1-g7a089689b8 (webtiles) character file.

Game seed: 9193872187176794629

644 ZombieSheep the Skirmisher (level 7, -9/48 (64) HPs)
             Began as a Minotaur Abyssal Knight on Aug 7, 2021.
             Was a Priest of Lugonu.
             Mangled by a wight (17 damage)
             ... on level 5 of the Dungeon.
             The game lasted 00:07:36 (4940 turns).

ZombieSheep the Skirmisher (MiAK)                   Turns: 4940, Time: 00:07:37

HP:   -9/48 (64)    AC:  9    Str: 18    XL:     7   Next: 27%
MP:   9/9           EV:  7    Int:  9    God:    Lugonu [***...]
Gold: 150           SH:  0    Dex: 10    Spells: 6/6 levels left

rFire    . . .     SeeInvis .   a - +1 spear
rCold    . . .     Faith    .   (no shield)
rNeg     . . .     Spirit   .   e - +1 chain mail
rPois    .         Reflect  .   (helmet restricted)
rElec    .         Harm     .   (no cloak)
rCorr    .         Rampage  .   (no gloves)
Will     .....                  (no boots)
Stlth    ..........             (no amulet)
HPRegen  0.16/turn              (no ring)
MPRegen  0.11/turn              (no ring)

@: very heavily drained
A: horns 2, retaliatory headbutt
a: Renounce Religion, Depart the Abyss, Bend Space, Banish


You were on level 5 of the Dungeon.
You worshipped Lugonu.
Lugonu was most pleased with you.
You visited 1 branch of the dungeon, and saw 5 of its levels.
You visited the Abyss 1 time.

You collected 150 gold pieces.

Inventory:

Hand Weapons
 a - a +1 spear (weapon)
 c - a +0 hunting sling
 o - a +5 hand axe
 q - a +5 long sword
Missiles
 b - 26 sling bullets
 h - 2 throwing nets
 p - 3 boomerangs (quivered)
Armour
 e - a +1 chain mail (worn)
 k - a +0 kite shield
Jewellery
 i - a ring of flight
 n - an amulet of faith
Wands
 m - a wand of charming (7)
Scrolls
 g - a scroll of vulnerability
 j - 4 scrolls of teleportation
 l - a scroll of enchant armour
Potions
 d - 2 potions of curing
 f - a potion of heal wounds {unknown}


   Skills:
 + Level 6.6 Fighting
 + Level 5.9 Polearms
 - Level 2.4 Armour
 - Level 1.1 Dodging
 + Level 4.8 Invocations


You had 6 spell levels left.
You didn't know any spells.
Your spell library contained the following spells:

 Spells                   Type           Power      Damage    Failure   Level
 Sandblast                Erth           0%         2d4       99%         1
 Passwall                 Tmut/Erth      0%         N/A       100%        2
 Petrify                  Tmut/Erth      0%         N/A       100%        4
 Lee's Rapid Deconstruct  Erth           0%         3d5*      100%        5
 Metabolic Englaciation   Hex/Ice        0%         N/A       100%        5
 Dispersal                Tloc           0%         N/A       100%        6
 Statue Form              Tmut/Erth      0%         N/A       100%        6
 Disjunction              Tloc           0%         N/A       100%        8


Dungeon Overview and Level Annotations

Branches:
Dungeon (5/15)
 Temple: D:4-7

Altars:

Shops:
D:5 :

Annotations:
D:5 2 transporters, nxtlvl's ghost, novice HuGl


Innate Abilities, Weirdness & Mutations

You have a pair of horns on your head.
You reflexively headbutt those who attack you in melee.


Message History

There is a stone staircase leading up here.
A wight is nearby!
You closely miss the wight. You hit the wight.
The wight is lightly damaged.
The wight hits you with a +2 battleaxe!
You feel drained.
You hit the wight but do no damage.
The wight is lightly damaged.
The wight hits you with a +2 battleaxe!
You feel drained.
You hit the wight.
The wight is moderately damaged.
The wight hits you with a +2 battleaxe!
You feel drained.
You are too injured to fight recklessly!
You are too injured to fight recklessly!
You are too injured to fight recklessly!
You are too injured to fight recklessly!
You are too injured to fight recklessly!
You are too injured to fight recklessly!
You are too injured to fight recklessly!
You are too injured to fight recklessly!
You are too injured to fight recklessly!
You are too injured to fight recklessly!
You are too injured to fight recklessly!
You are too injured to fight recklessly!
You are too injured to fight recklessly!
You are too injured to fight recklessly!
You are too injured to fight recklessly!
You are too injured to fight recklessly!
You are too injured to fight recklessly!
You are too injured to fight recklessly!
You hit the wight.
The wight is heavily damaged.
The wight hits you with a +2 battleaxe!
* * * LOW HITPOINT WARNING * * *
You hit the wight.
The wight is heavily damaged.
You barely miss the wight. You headbutt the wight.
The wight is severely damaged.
The wight hits you with a +2 battleaxe!
You die...

...........................÷....#
.........#.######...............#
.....#.###.# ##.............##
.....>.<.#.# #####.....#.∩...##
######.#...####....<###...#####
#..###..)...#######.###
#......###.###<...[.#
....)..##.......##......#
....##....#####.@z......# ....
..### ####.>..(.# ... ...
.......## ### .### #######.# ##
..# ###


You could see a wight.

Vanquished Creatures
  An ogre (D:5)
  A necrophage (D:5)
  A scorpion (D:5)
  4 wights
  A centaur zombie (D:5)
  A hound (D:5)
  An orc priest (D:2)
  A scorpion zombie (D:5)
  3 adders
  An adder skeleton (D:4)
  2 worms (D:2)
  9 orcs
  5 endoplasms
  5 giant cockroaches
  11 goblins
  7 hobgoblins
  8 jackals
  6 kobolds
  2 quokkas
  12 ball pythons
  5 bats
  4 frilled lizards
  6 rats
97 creatures vanquished.

Notes
Turn   | Place    | Note
-------+----------+-------------------------------------------
     0 | Abyss:1  | ZombieSheep the Minotaur Abyssal Knight began the quest for
                  | the Orb.
     0 | Abyss:1  | Reached XP level 1. HP: 19/19 MP: 1/1
    77 | Abyss:1  | Noticed an iron imp
    78 | D:1      | Escaped the Abyss
   214 | D:1      | Reached * piety under Lugonu
   227 | D:1      | Reached XP level 2. HP: 27/27 MP: 2/2
   391 | D:1      | Reached skill level 4 in Fighting
  1054 | D:2      | Reached XP level 3. HP: 31/33 MP: 3/3
  1257 | D:2      | Reached ** piety under Lugonu
  2117 | D:2      | Reached XP level 4. HP: 41/41 MP: 5/5
  2571 | D:3      | Reached *** piety under Lugonu
  2849 | D:3      | Reached skill level 5 in Fighting
  3008 | D:4      | Reached XP level 5. HP: 48/48 MP: 6/6
  3728 | D:5      | Entered Level 5 of the Dungeon
  3729 | D:5      | Found Seytwoal's Book Shoppe.
  3826 | D:5      | Found a transporter.
  3829 | D:5      | Noticed nxtlvl's ghost (novice HuGl)
  3829 | D:5      | Noticed a necrophage
  3830 | D:5      | Identified the +10 dire flail of a ziggurat {drain, rPois}
  3830 | D:5      | Noticed an ogre
  3833 | D:5      | Killed a necrophage
  3834 | D:5      | Reached XP level 6. HP: 54/56 MP: 7/7
  3881 | D:5      | Reached skill level 5 in Polearms
  3938 | D:5      | Reached skill level 6 in Fighting
  4348 | D:5      | Reached XP level 7. HP: 55/63 MP: 9/9
  4502 | D:5      | Found a transporter.
  4940 | D:5      | Mangled by a wight

Illustrated notes

Levels and vault maps discovered:
D:1:      scummos_arrival_forest, layout_loops_corners,
          minmay_shallow_snake_nest
D:2:      layout_basic
D:3:      layout_basic, minmay_diced_spiral
D:4:      layout_loops_cross, minmay_fractal_squares_gapless_5
D:5:      gammafunk_cloud_chamber, layout_rooms, gammafunk_ghost_smash,
          serial_shops, shop, uniq_grinder, uniq_crazy_yiuf_cottage

Skill      XL: |  1  2  3  4  5  6 |
---------------+-------------------+-----
Invocations    | 2 3 4 |  4.8
Fighting       | 4 5 6 |  6.6
Polearms       | 3 4 5 |  5.9
Armour         | |  2.4
Dodging        | |  1.1

Action                   |  1- 3 |  4- 6 |  7- 9 || total
-------------------------+-------+-------+-------++-------
Melee: Spear             |   128 |   170 |    33 ||   331
       Headbutt          |    10 |    24 |     7 ||    41
Throw: Boomerang         |       |     4 |       ||     4
Invok: Depart the Abyss  |     1 |       |       ||     1
  Use: Scroll            |     3 |     4 |       ||     7
Armor: Leather armour    |     7 |       |       ||     7
       Chain mail        |    24 |    61 |     4 ||    89
Dodge: Dodged            |    31 |    44 |     4 ||    79
